 Dungeon Crawl Stone Soup version 0.17-a0-1646-geb1493d (webtiles) character file.

383 karlkraus the Shield-Bearer (level 6, 0/53 HPs)
             Began as a Minotaur Fighter on Aug 10, 2015.
             Succumbed to a scorpion's poison
             ... on level 4 of the Dungeon.
             The game lasted 00:03:34 (1898 turns).

karlkraus the Shield-Bearer (Minotaur Fighter)      Turns: 1898, Time: 00:03:34

Health: 0/53       AC:  7    Str: 19 (21) XL:     6   Next: 47%
Magic:  5/5        EV: 14    Int: 10      God:
Gold:   139        SH: 10    Dex: 16      Spells: 0 memorised, 5 levels left

rFire  . . .     SeeInvis .     a - +0 flail
rCold  . . .     Clarity  .     b - +0 scale mail
rNeg   + . .     SustAt   .     c - +0 shield
rPois  .         Gourm    .     (helmet restricted)
rElec  .         Spirit   .     (no cloak)
rCorr  .         Warding  +     (no gloves)
rMut   .         Stasis   .     (no boots)
MR     .....                    u - amulet of warding
Stlth  +.........               (no ring)
                                (no ring)

@: brilliant, agile, lethally poisoned (0 -> -5), not resistant to hostile
enchantments, very unstealthy
A: retaliatory headbutt, horns 2
a: no special abilities


You were on level 4 of the Dungeon.
You were not hungry.

You visited 1 branch of the dungeon, and saw 4 of its levels.

You collected 139 gold pieces.

Inventory:

Hand weapons
 a - a +0 flail (weapon)
Armour
 b - a +0 scale mail (worn)
 c - a +0 shield (worn)
Jewellery
 u - an amulet of warding (around neck)
Magical devices
 n - a wand of magic darts (5)
Scrolls
 f - 3 scrolls of identify {unknown}
 g - a scroll of magic mapping {unknown}
 i - 6 scrolls of teleportation {unknown}
 l - a scroll of recharging {unknown}
 m - a scroll of immolation {unknown}
 o - 2 scrolls of remove curse {unknown}
 q - 2 scrolls of fog {unknown}
 r - a scroll of random uselessness {unknown}
Potions
 d - a potion of might
 h - a potion of agility
Comestibles
 e - 5 bread rations
 k - a meat ration
 s - a slice of pizza


   Skills:
 + Level 4.7 Fighting
 + Level 4.2 Maces & Flails
 + Level 5.3 Armour
 + Level 2.5 Dodging
 + Level 5.4 Shields


You had 5 spell levels left.
You didn't know any spells.

Dungeon Overview and Level Annotations

Branches:
Dungeon (4/15)
 Temple: D:4-7

Altars:


Innate Abilities, Weirdness & Mutations

You reflexively headbutt those who attack you in melee.
You have a pair of horns on your head.


Message History

You feel sick.
Drink which item? (? for menu, Esc to quit)
It was a potion of brilliance.
You feel clever all of a sudden.
* * * LOW HITPOINT WARNING * * *
You feel sick.
There is a lethal amount of poison in your body!
Drink which item? (? for menu, Esc to quit)
Okay, then.
u - an amulet of warding (around neck)
* * * LOW HITPOINT WARNING * * *
You feel sick.
You continue eating.
* * * LOW HITPOINT WARNING * * *
You feel sick.
You continue eating.
* * * LOW HITPOINT WARNING * * *
You feel sick.
You finish eating.
That royal jelly was delicious!
You die...

.... ###...# ... .......
.. ...... #. #.#.#### ..
#.###......#
...###..........#
................#
......†.........#
...###....@...###
#.....†..# #...##.#..#
##...##.#..#
.....##.#..#
.##...##.#..# #
##...##.#..###
........#....###
..###..........#########


There were no monsters in sight!

Vanquished Creatures
  A scorpion (D:4)
  A hound (D:4)
  An orc wizard (D:3)
  Jessica (D:2)
  3 worker ants
  8 gnolls
  3 adders
  An ooze (D:1)
  4 worms
  A giant gecko (D:1)
  4 orcs (D:3)
  6 hobgoblins
  A quokka (D:3)
  2 ball pythons
  7 bats
  2 giant cockroaches
  A giant newt (D:1)
  4 goblins
  4 kobolds
  5 rats
60 creatures vanquished.

Notes
Turn   | Place    | Note
--------------------------------------------------------------
     0 | D:1      | karlkraus the Minotaur Fighter began the quest for the Orb.
     0 | D:1      | Reached XP level 1. HP: 19/19 MP: 0/0
   159 | D:1      | Reached XP level 2. HP: 20/27 MP: 1/1
   302 | D:1      | Reached skill level 4 in Shields
   752 | D:2      | Reached XP level 3. HP: 26/33 MP: 2/2
   904 | D:2      | Noticed Jessica
   910 | D:2      | Killed Jessica
   910 | D:2      | Reached XP level 4. HP: 24/40 MP: 3/3
   985 | D:2      | Reached skill level 1 in Dodging
  1210 | D:3      | Reached XP level 5. HP: 39/46 MP: 4/4
  1227 | D:3      | Reached skill level 5 in Shields
  1625 | D:3      | Reached skill level 5 in Armour
  1848 | D:4      | Reached XP level 6. HP: 42/53 MP: 5/5
  1896 | D:4      | HP: 2/53 [poisoned by a scorpion]
  1898 | D:4      | Succumbed to a scorpion's poison

Vault maps used:
D:1:      lemuel_arrival_river_bridge
D:2:      uniq_jessica
D:4:      corexii_shack_village, first_bread

Action                   |  1- 3 |  4- 6 || total
-------------------------+-------+-------++-------
Melee: Flail             |    75 |   104 ||   179
  Use: Potion            |       |     3 ||     3
  Eat: Chunk             |       |     3 ||     3
       Royal jelly       |       |     1 ||     1
